 Dungeon Crawl Stone Soup version 0.23.1-37-gaa34b87b72 (webtiles) character file.

Game seed: 9884705894068398356

2536 McKennaii the Blocker (level 9, -1/54 HPs)
             Began as a Gargoyle Fighter on Mar 24, 2019.
             Killed by divine providence
             ... invoked by an orc priest
              (9 damage)
             ... on level 7 of the Dungeon on Mar 27, 2019.
             The game lasted 00:13:37 (4688 turns).

McKennaii the Blocker (Gargoyle Fighter)            Turns: 4688, Time: 00:13:38

Health: -1/54      AC: 16    Str: 24    XL:     9   Next: 55%
Magic:  9/9        EV: 10    Int:  8    God:
Gold:   502        SH: 17    Dex: 12    Spells: 8/8 levels left

rFire    . . .     SeeInvis .   A - +8 spear "Demonbane" {flame, *Noise rC+ rN+ Dex+3}
rCold    + . .     Gourm    .   c - +0 shield
rNeg     + + .     Faith    .   b - +0 scale mail
rPois    ∞         Spirit   .   J - +0 helmet
rElec    +         Reflect  +   B - +0 cloak
rCorr    .         Harm     .   (no gloves)
MR       .....                  (no boots)
Stlth    ..........             g - +5 amulet of reflection
HPRegen  0.18/turn              (no ring)
MPRegen  0.11/turn              (no ring)

@: no status effects
A: negative energy resistance 1, electricity resistance, unbreathing,
petrification resistance, rot immunity, AC +6
a: no special abilities


You were on level 7 of the Dungeon.
You were not hungry.

You visited 1 branch of the dungeon, and saw 7 of its levels.
You also visited: Ossuary.

You collected 502 gold pieces.

Inventory:

Hand Weapons
 s - a +2 flail of protection
 A - the +8 spear "Demonbane" (weapon) {flame, *Noise rC+ rN+ Dex+3}
   (You found it on level 5 of the Dungeon)

   It has been specially enchanted to burn those struck by it, causing extra
   injury to most foes and up to half again as much damage against particularly
   susceptible opponents.
   It affects your dexterity (+3).
   It protects you from cold.
   It protects you from negative energy.
   It may make noises in combat.
Armour
 b - a +0 scale mail (worn)
 c - a +0 shield (worn)
 B - a +0 cloak (worn)
 J - a +0 helmet (worn)
Jewellery
 g - a +5 amulet of reflection (around neck)
 I - the amulet of Eseniofe {RegenMP rC+ Int+3}
   (You found it on level 6 of the Dungeon)

   [amulet of magic regeneration]

   It increases your magic regeneration.
   It affects your intelligence (+3).
   It protects you from cold.
Wands
 a - a wand of clouds (2)
 y - a wand of enslavement (2)
Scrolls
 e - 2 scrolls of magic mapping {unknown}
 j - 8 scrolls of teleportation
 k - 2 scrolls of fog {unknown}
 l - 9 scrolls of identify
 m - 3 scrolls of enchant weapon {unknown}
 p - 3 scrolls of noise {unknown}
 r - 2 scrolls of enchant armour {unknown}
 v - 3 scrolls of remove curse
 z - 3 scrolls of random uselessness {unknown}
 D - a scroll of immolation {unknown}
 G - 2 scrolls of amnesia {unknown}
 H - a scroll of blinking {unknown}
Potions
 d - a potion of might
 h - a potion of brilliance {unknown}
 i - 6 potions of curing
 n - a potion of magic {unknown}
 o - 3 potions of heal wounds
 q - 2 potions of degeneration {unknown}
 t - 2 potions of berserk rage {unknown}
 u - 2 potions of flight {unknown}
 w - 2 potions of cancellation {unknown}
 x - a potion of resistance {unknown}
 C - 2 potions of ambrosia {unknown}
 E - a potion of agility {unknown}
 F - 3 potions of haste {unknown}
 L - a potion of mutation {unknown}
Comestibles
 f - 9 rations
 K - 2 chunks of flesh


   Skills:
 + Level 5.0 Fighting
 + Level 7.2 Maces & Flails
 + Level 0.4 Polearms
 + Level 6.2 Armour
 + Level 2.8 Dodging
 + Level 1.0 Stealth
 + Level 9.0 Shields
 + Level 0.7 Evocations


You had 8 spell levels left.
You didn't know any spells.
Your spell library was empty.

Dungeon Overview and Level Annotations

Branches:
Dungeon (7/15)             Temple (0/1) D:6

Altars:
Dithmenos
Gozag
Kikubaaqudgha
Sif Muna
Uskayaw
Vehumet
Xom

Shops:
D:5 }


Innate Abilities, Weirdness & Mutations

You are resistant to torment.
Your stone body is resilient. (AC +6)
You are immune to poison.
You resist negative energy. (rN+)
You are resistant to electric shocks. (rElec)
You can survive without breathing.
You are immune to petrification.
You are immune to rotting.


Message History

The orc shouts!
There is a stone staircase leading up here.
Attack whom?
Press: ? - help, Dir - move target cursor, f - orc
Aim: an orc, wielding a +0 mace and wearing a +0 leather armour You reach to attack!
You closely miss the orc priest.
The orc priest mumbles some strange prayers to Beogh against you.
Beogh smites you!
The orc priest begins to cast a cantrip, but forgets the words!
You puncture the orc! You burn the orc.
You kill the orc!
The orc priest invokes the aid of Beogh against you.
Beogh smites you!
The orc priest calls down the wrath of Beogh upon you.
Beogh smites you!
* * * LOW HITPOINT WARNING * * *
The orc priest hits you but does no damage.
The orc priest mumbles some strange prayers to Beogh against you.
Beogh smites you!
You die...

#.#.#
#.#..
#(#.#
..#.#
#.#.#
#.#.#
#.#o#.#.##
#@)o......
#..#..#.#.
.Z..# .#
#..#..# #
#..#...
... .....
#.#. .....
#.#
.......


You could see 2 orc priests and a bullfrog skeleton.

Vanquished Creatures
  Pikel (D:4)
  Grinder (D:6)
  Duvessa (D:4)
  An ice beast (D:5)
  3 slaves (D:4)
  A black bear (D:6)
  A sky beast (D:6)
  3 ogres
  Blork the orc (D:6)
  A bullfrog (D:6)
  Dowan (D:4)
  2 scorpions
  2 crimson imps
  A centaur skeleton (D:6)
  2 jellies
  3 hounds
  An orc priest (D:5)
  2 orc wizards (D:6)
  Crazy Yiuf (D:2)
  Ijyb (D:3)
  2 iguanas
  7 worker ants
  A big kobold zombie (Ossuary)
  A hound skeleton (D:6)
  3 mummies (Ossuary)
  3 gnolls (D:3)
  8 adders
  An adder skeleton (D:5)
  4 adder zombies (Ossuary)
  A worm (D:4)
  2 dart slugs
  2 leopard geckos
  19 orcs
  3 ball pythons
  A giant cockroach (D:1)
  9 goblins
  10 hobgoblins
  3 jackals
  7 kobolds
  3 quokkas
  5 bats
  6 frilled lizards
  A goblin zombie (Ossuary)
  3 hobgoblin zombies (Ossuary)
  6 kobold zombies (Ossuary)
  A leopard gecko skeleton (D:5)
  A quokka zombie (Ossuary)
  6 rats
  4 rat zombies
153 creatures vanquished.

Vanquished Creatures (others)
  A centaur (D:5)
  2 plants (D:4)
3 creatures vanquished.

Grand Total: 156 creatures vanquished

Notes
Turn   | Place    | Note
-------+----------+-------------------------------------------
     0 | D:1      | McKennaii the Gargoyle Fighter began the quest for the Orb.
     0 | D:1      | Reached XP level 1. HP: 14/14 MP: 1/1
   123 | D:1      | Reached XP level 2. HP: 19/19 MP: 2/2
   328 | D:1      | Reached XP level 3. HP: 23/23 MP: 3/3
  1122 | D:2      | Reached XP level 4. HP: 29/29 MP: 4/4
  1149 | D:2      | Found a runed translucent door.
  1150 | D:2      | Noticed Crazy Yiuf
  1494 | D:3      | Reached skill level 4 in Shields
  1713 | D:3      | Reached XP level 5. HP: 31/33 MP: 5/5
  1863 | D:3      | Found a shadowy altar of Dithmenos.
  1868 | D:3      | Found a radiant altar of Vehumet.
  1870 | D:3      | Found a hide-covered altar of Uskayaw.
  1871 | D:3      | Found a deep blue altar of Sif Muna.
  1872 | D:3      | Found a shimmering altar of Xom.
  1877 | D:3      | Found an ancient bone altar of Kikubaaqudgha.
  1930 | D:3      | Noticed Ijyb
  1960 | D:3      | Killed Ijyb
  2408 | D:4      | Noticed an ogre
  2414 | D:4      | Killed an ogre
  2414 | D:4      | Reached skill level 5 in Shields
  2414 | D:4      | Reached XP level 6. HP: 24/38 MP: 6/6
  2425 | D:4      | Noticed Duvessa
  2425 | D:4      | Noticed Dowan
  2450 | D:4      | Killed Duvessa
  2450 | D:4      | Reached skill level 1 in Dodging
  2456 | D:4      | Killed Dowan
  2456 | D:4      | Reached XP level 7. HP: 33/43 MP: 7/7
  2657 | D:4      | Noticed Pikel
  2674 | D:4      | Killed Pikel
  2674 | D:4      | Reached skill level 5 in Maces & Flails
  2674 | D:4      | Reached skill level 5 in Armour
  2674 | D:4      | Reached skill level 6 in Shields
  2674 | D:4      | Reached XP level 8. HP: 32/48 MP: 8/8
  2872 | D:4      | Found an opulent altar of Gozag.
  3035 | D:2      | Killed Crazy Yiuf
  3127 | D:5      | Entered Level 5 of the Dungeon
  3144 | D:5      | Reached skill level 7 in Shields
  3480 | D:5      | Got a warped spear
  3509 | D:5      | Found Plog's Gadget Shoppe.
  3800 | D:6      | Noticed Grinder
  3812 | D:6      | Killed Grinder
  3812 | D:6      | Reached skill level 8 in Shields
  3812 | D:6      | Reached XP level 9. HP: 43/53 MP: 9/9
  3819 | D:6      | Found a sand-covered staircase.
  3832 | Ossuary  | Entered an ossuary
  4046 | D:6      | Got a scintillating diamond amulet
  4052 | D:6      | Identified the amulet of Eseniofe {RegenMP rC+ Int+3} (You
                  | found it on level 6 of the Dungeon)
  4082 | D:6      | Found a staircase to the Ecumenical Temple.
  4158 | D:6      | Noticed Blork the orc
  4159 | D:6      | Reached skill level 5 in Fighting
  4171 | D:6      | Killed Blork the orc
  4221 | D:6      | Identified the +8 spear "Demonbane" {flame, *Noise rC+ rN+
                  | Dex+3} (You found it on level 5 of the Dungeon)
  4643 | D:6      | Reached skill level 9 in Shields
  4646 | D:6      | Reached skill level 1 in Stealth
  4688 | D:7      | Killed from afar by an orc priest

Skill      XL: |  1  2  3  4  5  6  7  8  9 |
---------------+----------------------------+-----
Armour         | 4 5 6 |  6.2
Shields        | 4 5 6 8 9 |  9.0
Maces & Flails | 3 4 5 6 7 |  7.2
Dodging        | 1 2 |  2.8
Fighting       | 4 5 |  5.0
Stealth        | 1 |  1.0
Polearms       | |  0.4
Evocations     | |  0.7

Action                   |  1- 3 |  4- 6 |  7- 9 || total
-------------------------+-------+-------+-------++-------
Melee: Flail             |   169 |    96 |   217 ||   482
       Club              |       |    41 |    34 ||    75
       Spear             |       |       |    57 ||    57
Evoke: Wand              |       |     2 |     1 ||     3
  Use: Scroll            |       |       |     4 ||     4
  Eat: Chunk             |     1 |     2 |     7 ||    10
       Ration            |       |     1 |       ||     1
Armor: Scale mail        |   139 |    41 |   125 ||   305
Dodge: Dodged            |    62 |    24 |    79 ||   165
Block: Shield            |    97 |   102 |   291 ||   490
       Reflection        |       |     3 |     7 ||    10
